 Dungeon Crawl Stone Soup version 0.17-a0-1838-g891d947 (webtiles) character file.

232 shakdrar the Conjurer (level 5, -13/28 HPs)
             Began as a Deep Elf Conjurer on Sept 15, 2015.
             Mangled by an ogre
             ... wielding a +0 giant club
              (16 damage)
             ... on level 5 of the Dungeon.
             The game lasted 00:18:15 (3922 turns).

shakdrar the Conjurer (Deep Elf Conjurer)           Turns: 3922, Time: 00:18:15

Health: -13/28     AC:  3    Str:  6    XL:     5   Next: 73%
Magic:  2/15       EV: 13    Int: 20    God:
Gold:   251        SH:  0    Dex: 15    Spells: 4 memorised, 5 levels left

rFire  + . .     SeeInvis .     f - +0 dagger
rCold  . . .     Clarity  .     i - +0 robe
rNeg   . . .     SustAt   +     (no shield)
rPois  .         Gourm    .     (no helmet)
rElec  .         Spirit   .     (no cloak)
rCorr  .         Warding  .     (no gloves)
rMut   .         Rnd*Tele +     q - +0 pair of boots
MR     .....                    (no amulet)
Stlth  ++........               l - ring of sustain attributes
                                e - ring of protection from fire

@: not resistant to hostile enchantments, unstealthy
A: teleportitis 1
a: no special abilities


You were on level 5 of the Dungeon.
You were very hungry.

You visited 1 branch of the dungeon, and saw 5 of its levels.

You collected 251 gold pieces.

Inventory:

Hand weapons
 f - a +0 dagger (weapon)
Missiles
 h - 24 poisoned needles
 r - 4 curare-tipped needles
Armour
 a - a +1 robe
 i - a +0 robe (worn)
 q - a +0 pair of boots (worn)
 s - a +0 robe
Jewellery
 e - a ring of protection from fire (left hand)
 l - a ring of sustain attributes (right hand)
 t - an uncursed ring of ice
Scrolls
 d - a scroll of identify
 g - 2 scrolls of magic mapping
Potions
 j - a potion of brilliance
 m - 2 potions of mutation
Books
 b - a book of Conjurations

   Spells                             Type                      Level
   a - Magic Dart                     Conjuration                  1
   b - Searing Ray                    Conjuration                  2
   c - Dazzling Spray                 Conjuration/Hexes            3
   d - Fulminant Prism                Conjuration/Hexes            4
   e - Iskenderun's Mystic Blast      Conjuration                  4
   f - Iskenderun's Battlesphere      Conjuration/Charms           5
Comestibles
 c - 3 bread rations
 k - 2 meat rations
 n - a slice of pizza
 o - a beef jerky
 p - a fruit


   Skills:
 - Level 2.4 Dodging
 - Level 2.4 Stealth
 + Level 5.8 Spellcasting
 * Level 6.4 Conjurations


You had 5 spell levels left.
You knew the following spells:

 Your Spells              Type           Power        Failure   Level  Hunger
a - Magic Dart            Conj           ####         1%          1    None
b - Searing Ray           Conj           ####..       1%          2    None
c - Dazzling Spray        Conj/Hex       ###.....     10%         3    ##.....
d - Iskenderun's Mystic   Conj           ####....     10%         4    ####...


Dungeon Overview and Level Annotations

Branches:
Dungeon (5/15)
 Temple: D:4-7

Altars:
Ashenzari
Cheibriados
Fedhas
Nemelex Xobeh
The Shining One


Innate Abilities, Weirdness & Mutations

You are occasionally teleported to nearby monsters.


Message History

Aim: an ogre, wielding a giant club (severely wounded)
The spray of energy hits the ogre.
The ogre is almost dead.
The ogre hits you with a giant club!!
Ouch! That really hurt!
* * * LOW HITPOINT WARNING * * *
What do you say? t - Shout!
Orders for allies: a - Attack new target. p - Attack previous target. r - Retreat! s - Stop attacking. w - Wait here. f - Follow me.
Anything else - Stay silent.
Gang up on whom?
Press: ? - help, Dir - move target cursor, f/p - ogre
Aim: an ogre, wielding a giant club (almost dead) Attack!
You hear a shout!
The ogre hits you with a giant club!
Ouch! That really hurt!
You die...

#.##.##.###### #.......#
###...### #.# #...# #.#
#...# #.### #...# #.#..
####...###### #.#.# .
.........<...###.#.# ##...
..(.........O@.#.#.#......
.....................#
###.#...#.###....#........
#.#...#.# #....##..##... #
#...#.# #...[....# #
#...#.#............
......#.#........##.
#...........# #
#..##.........


You could see an ogre.

Vanquished Creatures
  A centaur skeleton (D:4)
  An orc wizard (D:4)
  An iguana (D:4)
  2 worker ants (D:4)
  4 adders
  2 worms (D:2)
  8 orcs
  A giant cockroach (D:3)
  5 goblins
  4 hobgoblins
  3 kobolds
  4 quokkas
  A ball python (D:1)
  4 bats
  2 giant geckos
  A giant gecko skeleton (D:4)
  5 giant newts
  6 rats
55 creatures vanquished.

Notes
Turn   | Place    | Note
--------------------------------------------------------------
     0 | D:1      | shakdrar the Deep Elf Conjurer began the quest for the Orb.
     0 | D:1      | Reached XP level 1. HP: 10/10 MP: 6/6
     2 | D:1      | Noticed a vampire
     2 | D:1      | Noticed a ghoul
     4 | D:1      | Noticed a minotaur
     6 | D:1      | Noticed a formicid
     6 | D:1      | Noticed a felid
     8 | D:1      | Noticed an octopode
     8 | D:1      | Noticed a troll
    10 | D:1      | Noticed a draconian
    10 | D:1      | Noticed a centaur
    12 | D:1      | Noticed a human
    12 | D:1      | Noticed a spriggan
    14 | D:1      | Noticed a vine stalker
    14 | D:1      | Noticed an ogre
    16 | D:1      | Noticed an elf
    16 | D:1      | Noticed a gargoyle
    18 | D:1      | Noticed a demigod
    20 | D:1      | Noticed a demonspawn
    22 | D:1      | Noticed a naga
    24 | D:1      | Noticed a merfolk
    24 | D:1      | Noticed a tengu
    26 | D:1      | Noticed a dwarf
   914 | D:2      | Reached XP level 2. HP: 15/15 MP: 6/8
  1471 | D:2      | Learned a level 2 spell: Searing Ray
  1479 | D:2      | Found a sparkling altar of Nemelex Xobeh.
  1479 | D:2      | Found a shattered altar of Ashenzari.
  1516 | D:2      | Gained mutation: You are occasionally teleported to nearby monsters. [potion of mutation]
  1516 | D:2      | Gained mutation: You have a pair of small horns on your head. [potion of mutation]
  1516 | D:2      | Lost mutation: You have a pair of small horns on your head. [potion of mutation]
  1561 | D:2      | Reached skill level 5 in Conjurations
  1629 | D:3      | Reached XP level 3. HP: 19/19 MP: 7/10
  1666 | D:3      | Learned a level 3 spell: Dazzling Spray
  1820 | D:3      | Found a snail-covered altar of Cheibriados.
  2310 | D:3      | Found a blossoming altar of Fedhas.
  2376 | D:3      | Reached XP level 4. HP: 24/24 MP: 9/12
  2457 | D:4      | Learned a level 4 spell: Iskenderun's Mystic Blast
  2587 | D:4      | Reached skill level 5 in Spellcasting
  2791 | D:4      | Reached XP level 5. HP: 28/28 MP: 5/14
  2874 | D:4      | Found a glowing golden altar of the Shining One.
  3069 | D:4      | Reached skill level 6 in Conjurations
  3833 | D:5      | Entered Level 5 of the Dungeon
  3881 | D:5      | Noticed an ogre
  3922 | D:5      | Mangled by an ogre

Vault maps used:
D:1:      kb_arrival_jail
D:2:      gammafunk_temple_overflow_elements, first_bread
D:3:      lemuel_round_altar, cheibriados_altar_1
D:4:      serial_column_ruins, column_ruins_circle_large,
          column_ruins_temple_hall, column_ruins_grid_1,
          column_ruins_open_large, column_ruins_open_tiny,
          column_ruins_columns_straight, column_ruins_open_tiny_water,
          column_ruins_grid_1, column_ruins_open_small_water
D:5:      serial_shops, nicolae_shop_overgrown_old_shop, minmay_misc_feat_doors

Action                   |  1- 3 |  4- 6 || total
-------------------------+-------+-------++-------
Melee: Dagger            |       |     4 ||     4
 Cast: Magic Dart        |    72 |    42 ||   114
       Dazzling Spray    |     2 |     6 ||     8
       Iskenderun's Myst |       |     6 ||     6
  Use: Potion            |     5 |     1 ||     6
       Scroll            |     8 |     1 ||     9
  Eat: Chunk             |     1 |     4 ||     5
       Beef jerky        |     1 |       ||     1
       Fruit             |     2 |     1 ||     3
